 Dungeon Crawl Stone Soup version 0.17-a0-1181-gabc46e6 (webtiles) character file.

74 Hanyuu the Insei (level 4, 28/28 HPs)
             Began as an Octopode Transmuter on May 31, 2015.
             Quit the game on level 2 of the Dungeon.
             The game lasted 00:02:48 (1641 turns).

Hanyuu the Insei (Octopode Transmuter)              Turns: 1641, Time: 00:02:49

Health: 28/28      AC:  1    Str:  9    XL:     4   Next: 30%
Magic:  7/7        EV: 12    Int: 16    God:
Gold:   148        SH:  0    Dex: 12    Spells: 3 memorised, 1 level left

rFire  . . .     SeeInvis .       - Unarmed
rCold  . . .     Clarity  .     (no shield)
rNeg   + . .     SustAt   .     (helmet restricted)
rPois  .         Gourm    .     (no amulet)
rElec  .         Spirit   .     m - ring of positive energy
rCorr  .         Warding  .     (no ring)
rMut   .         Stasis   .     (no ring)
MR     .....                    (no ring)
Stlth  ++........               (no ring)
                                (no ring)
                                (no ring)
                                (no ring)

@: not resistant to hostile enchantments, unstealthy
A: almost no armour, amphibious, 8 rings, constrict 8, camouflage 1, gelatinous
body 1
a: no special abilities


You were on level 2 of the Dungeon.
You were not hungry.

You visited 1 branch of the dungeon, and saw 2 of its levels.

You collected 148 gold pieces.

Inventory:

Missiles
 a - 12 arrows
 h - 13 poisoned needles
 j - 6 javelins (quivered)
Jewellery
 m - a ring of positive energy (left tentacle)
Scrolls
 d - 2 scrolls of recharging {unknown}
 e - a scroll of enchant weapon {unknown}
 f - 2 scrolls of immolation {unknown}
 g - 2 scrolls of identify {unknown}
 l - a scroll of magic mapping {unknown}
 o - a scroll of fog {unknown}
Potions
 k - a potion of lignification {unknown}
 p - a potion of curing {unknown}
 q - 2 potions of might {unknown}
Books
 b - a book of Changes

   Spells                             Type                      Level
   a - Beastly Appendage              Transmutation                1
   b - Sticks to Snakes               Transmutation                2
   c - Spider Form                    Transmutation/Poison         3
   d - Ice Form                       Ice/Transmutation            4
   e - Blade Hands                    Transmutation                5
 r - a book of Hinderance

   Spells                             Type                      Level
   a - Confusing Touch                Hexes                        2
   b - Confuse                        Hexes                        3
   c - Gell's Gravitas                Hexes/Translocation          3
   d - Petrify                        Transmutation/Earth          4
   e - Metabolic Englaciation         Hexes/Ice                    5
Comestibles
 c - a bread ration
 i - a meat ration
 n - 3 chunks of flesh


   Skills:
 - Level 1.0 Fighting
 - Level 2.0 Dodging
 + Level 4.6 Unarmed Combat
 - Level 2.0 Spellcasting
 - Level 2.0 Transmutations
 - Level 2.0 Poison Magic


You had one spell level left.
You knew the following spells:

 Your Spells              Type           Power        Failure   Level  Hunger
a - Beastly Appendage     Trmt           #.....       10%         1    #......
b - Sticks to Snakes      Trmt           #.........   14%         2    ###....
c - Spider Form           Trmt/Pois      #.........   28%         3    ###....


Dungeon Overview and Level Annotations

Branches:
Dungeon (2/15)

Altars:
Ru
Yredelemnul


Innate Abilities, Weirdness & Mutations

You cannot wear most types of armour.
You are amphibious.
You can wear up to eight rings at the same time.
You can use your tentacles to constrict eight enemies at once.
Your skin changes colour to match your surroundings (Stealth).
Your rubbery body absorbs attacks (AC +1).


Message History

Found a sacrificial altar of Ru and a basalt altar of Yredelemnul.
No target in view!
Your magical contamination has completely faded away.
q - 2 silvery potions Some of the chunks of flesh in your inventory have rotted away.
You see here a giant gecko skeleton.
You see here a worm corpse.
Magic restored.
You see here a club.
There is an open door here.
There is a stone staircase leading down here.
You see here a dagger.
Some of the chunks of flesh in your inventory have rotted away.
You see here 17 bolts.
Some of the chunks of flesh in your inventory have rotted away.
r - a book of Hinderance Read which item? (? for menu, Esc to quit)
Done exploring.
Done exploring.
Are you sure you want to abandon this character and quit the game? (Confirm with "yes".)

...####.# #.# ...#
#.# #.# ...# #.#
#.# ...# #.# #.#
...# #.# #.# ####
#.# #.# #.# #.#
#.# #.# #.# #@# #
#.# #.# ## #.# #.#
.# #.# #.# .#
#.#### #.# .#
#....# #.# .#
####.# #.#
.#########.# #.#
........##.#####.#


There were no monsters in sight!

Vanquished Creatures
  5 adders (D:2)
  A worm (D:2)
  2 goblins (D:2)
  A hobgoblin (D:2)
  2 quokkas (D:2)
  A ball python (D:1)
  2 bats (D:2)
  2 giant cockroaches
  2 giant geckos (D:2)
  4 giant newts
  5 kobolds
  A rat (D:2)
28 creatures vanquished.

Notes
Turn   | Place    | Note
--------------------------------------------------------------
     0 | D:1      | Hanyuu the Octopode Transmuter began the quest for the Orb.
     0 | D:1      | Reached XP level 1. HP: 13/13 MP: 3/3
   718 | D:2      | Reached XP level 2. HP: 11/18 MP: 5/5
   971 | D:2      | Reached skill level 4 in Unarmed Combat
  1252 | D:2      | Reached XP level 3. HP: 20/23 MP: 6/6
  1259 | D:2      | Learned a level 2 spell: Sticks to Snakes
  1263 | D:2      | Learned a level 3 spell: Spider Form
  1351 | D:2      | Reached skill level 1 in Poison Magic
  1436 | D:2      | Reached XP level 4. HP: 18/28 MP: 7/7
  1478 | D:2      | Found a sacrificial altar of Ru.
  1478 | D:2      | Found a basalt altar of Yredelemnul.
  1641 | D:2      | Quit the game

Vault maps used:
D:1:      dpeg_arrival_pond
D:2:      minitemple

Action                   |  1- 3 |  4- 6 || total
-------------------------+-------+-------++-------
Melee: Unarmed           |    62 |     7 ||    69
 Cast: Spider Form       |       |     1 ||     1
 Stab: Sleeping          |     3 |       ||     3
  Eat: Chunk             |     2 |       ||     2
